 Dungeon Crawl Stone Soup version 0.21.0-3-g78d12a8 (webtiles) character file.

1694 theanonym the Destroyer (level 9, 0/51 HPs)
             Began as an Octopode Fire Elementalist on Jan 10, 2018.
             Was an Initiate of Vehumet.
             Killed by divine providence
             ... invoked by an orc priest
              (14 damage)
             ... on level 6 of the Dungeon.
             The game lasted 00:30:12 (10147 turns).

theanonym the Destroyer (OpFE)                     Turns: 10147, Time: 00:30:13

Health: 0/51       AC:  1    Str:  7    XL:     9   Next: 2%
Magic:  1/13       EV: 13    Int: 20    God:    Vehumet [......]
Gold:   194        SH:  0    Dex: 13    Spells: 1/14 levels left

rFire    . . .     SeeInvis .   l - +0 dagger (elec)
rCold    . . .     Gourm    .   (no shield)
rNeg     . . .     Faith    .   (helmet restricted)
rPois    .         Spirit   .   (no amulet)
rElec    .         Reflect  .   i - +2 ring of slaying
rCorr    .         Harm     .   (no ring)
MR       .....                  (no ring)
Stlth    +++.......             (no ring)
HPRegen  0.17/turn              (no ring)
MPRegen  0.13/turn              (no ring)
                                (no ring)
                                (no ring)

@: no status effects
A: almost no armour, stealthy swim, amphibious, 8 rings, constrict 8, camouflage
1, gelatinous body 1
a: Renounce Religion


Innate Abilities, Weirdness & Mutations

You cannot wear most types of armour.
You are very stealthy in the water. (Stealth+)
You are amphibious.
You can wear up to eight rings at the same time.
You can use your tentacles to constrict eight enemies at once.
Your skin changes colour to match your surroundings (Stealth+).
Your rubbery body absorbs attacks. (AC +1, EV +1)


   Skills:
 - Level 2.0 Dodging
 - Level 2.8 Stealth
 - Level 3.0 Spellcasting
 + Level 8.0 Conjurations
 + Level 8.0 Fire Magic


You had one spell level left.
You knew the following spells:

 Your Spells              Type           Power        Failure   Level  Hunger
a - Flame Tongue          Conj/Fire      #####        1%          1    None
b - Conjure Flame         Conj/Fire      #####...     1%          3    ###....
c - Sticky Flame          Conj/Fire      #####...     5%          4    ####...
f - Fireball              Conj/Fire      #####.....   14%         5    ######.

Skill      XL: |  1  2  3  4  5  6  7  8 |
---------------+-------------------------+-----
Conjurations   | 2 3 4 5 6 8 |  8.0
Spellcasting   | 3 |  3.0
Fire Magic     | 4 5 6 8 |  8.0
Dodging        | |  2.0
Stealth        | |  2.8

Action                   |  1- 3 |  4- 6 |  7- 9 || total
-------------------------+-------+-------+-------++-------
Melee: Dagger            |    15 |    18 |    48 ||    81
       Tentacles         |     3 |     4 |     8 ||    15
       Unarmed           |     2 |       |       ||     2
       Constrict         |     6 |     7 |     8 ||    21
 Cast: Flame Tongue      |    48 |   100 |   106 ||   254
       Conjure Flame     |     5 |     7 |     6 ||    18
       Sticky Flame      |       |     7 |    14 ||    21
       Fireball          |       |       |    13 ||    13
Evoke: Wand              |       |       |    16 ||    16
  Use: Potion            |       |     4 |     3 ||     7
       Scroll            |       |     5 |    11 ||    16
 Stab: Sleeping          |       |     1 |       ||     1
       Distracted        |       |       |     1 ||     1
  Eat: Chunk             |     3 |     8 |    10 ||    21
       Ration            |     1 |       |     5 ||     6
Armor: Skin              |     2 |     3 |     3 ||     8
Dodge: Dodged            |    20 |    22 |    52 ||    94

Inventory:

Hand Weapons
 l - a +0 dagger of electrocution (weapon)
   (You took it off a goblin on level 1 of the Dungeon)
Jewellery
 d - a cursed ring of loudness {unknown}
   (You took it off Duvessa on level 5 of the Dungeon)
 i - a +2 ring of slaying (left tentacle)
   (You found it on level 4 of the Dungeon)
Wands
 k - a wand of flame (28)
   (You took it off Ijyb on level 4 of the Dungeon)
 n - a wand of polymorph (6)
   (You took it off Natasha on level 3 of the Dungeon)
Scrolls
 b - a scroll of immolation
 c - a scroll of noise
 f - 2 scrolls of fog
 y - 5 scrolls of magic mapping
Potions
 g - a potion of might
 h - a potion of lignification
 j - a potion of flight
 m - a potion of ambrosia
 p - 2 potions of brilliance
 w - 4 potions of curing
Books
 a - a book of Flames
Comestibles
 e - 4 rations


You were on level 6 of the Dungeon.
You worshipped Vehumet.
Vehumet was noncommittal.
You were not hungry.

You visited 2 branches of the dungeon, and saw 7 of its levels.

You collected 194 gold pieces.

Dungeon Overview and Level Annotations

Branches:
Dungeon (6/15)             Temple (1/1) D:6

Altars:
Ashenzari
Cheibriados
Dithmenos
Elyvilon
Fedhas
Gozag
Hepliaklqana
Kikubaaqudgha
Makhleb
Okawaru
Qazlal
Sif Muna
Vehumet
Wu Jian
Xom
The Shining One

Shops:
D:6 *

Annotations:
D:5 1 exclusion
D:6 Daviar's ghost, novice TrMo

#.......#....'...# #....#
#.......#.o..#..######....#
+.......#....#..#.........#
#.......#....#..#.........#
........o..o..+.....[.....#####
#...##..#####..........(......#
o........'..#.................#
.........#..'..[..............#
.........#..#...@.............#
.........#..#............[....#
#####.'###..#.............#####
.........####.............#
.........#..##'##.........#
.........#......#.........#
.........#......#.........#
.........########.........#
.#'####...................#


You could see an orc warrior and an orc priest.

Notes
Turn   | Place    | Note
-------+----------+-------------------------------------------
     0 | D:1      | theanonym the Octopode Fire Elementalist began the quest for the Orb.
     0 | D:1      | Reached XP level 1. HP: 11/11 MP: 3/3
   370 | D:1      | Reached XP level 2. HP: 17/17 MP: 0/5
  1346 | D:2      | Reached skill level 2 in Conjurations
  1347 | D:2      | Reached XP level 3. HP: 21/21 MP: 2/6
  1363 | D:2      | Learned a level 3 spell: Conjure Flame
  1859 | D:2      | Reached XP level 4. HP: 27/27 MP: 0/7
  2563 | D:3      | Reached skill level 3 in Conjurations
  2569 | D:3      | Learned a level 4 spell: Sticky Flame
  2573 | D:3      | Noticed Natasha
  2576 | D:3      | HP: 13/27 [Natasha/magic dart (6)]
  2794 | D:3      | Killed Natasha
  2889 | D:3      | Reached XP level 5. HP: 17/31 MP: 2/9
  3169 | D:3      | Noticed Natasha
  3372 | D:4      | HP: 15/31 [something/puff of flame (6)]
  3383 | D:4      | Reached skill level 3 in Spellcasting
  3384 | D:4      | Reached skill level 4 in Fire Magic
  3387 | D:4      | Reached skill level 4 in Conjurations
  3661 | D:4      | Reached XP level 6. HP: 36/36 MP: 8/10
  4082 | D:4      | Noticed Ijyb
  4090 | D:4      | HP: 17/36 [Ijyb/club (2)]
  4091 | D:4      | Killed Ijyb
  4732 | D:3      | Killed Natasha
  4737 | D:3      | Noticed Natasha
  4740 | D:3      | Killed Natasha
  4740 | D:3      | Reached skill level 5 in Conjurations
  4740 | D:3      | Reached skill level 5 in Fire Magic
  4740 | D:3      | Reached XP level 7. HP: 41/41 MP: 6/11
  5197 | D:4      | Noticed Edmund
  5374 | D:4      | HP: 14/41 [phantom (7)]
  6072 | D:4      | Noticed Edmund
  6072 | D:4      | Edmund changed into Edmund the jelly
  6083 | D:4      | Killed Edmund the jelly
  6342 | D:4      | Found a stormy altar of Qazlal.
  6405 | D:4      | You fall through a shaft!
  6405 | D:5      | Entered Level 5 of the Dungeon
  6593 | D:5      | Reached skill level 6 in Conjurations
  6593 | D:5      | Reached skill level 6 in Fire Magic
  6707 | D:5      | Noticed Dowan
  6708 | D:5      | Noticed Dowan
  6708 | D:5      | Dowan changed into Dowan the adder
  6710 | D:5      | Killed Dowan the adder
  6810 | D:5      | Noticed Duvessa
  6986 | D:5      | Reached XP level 8. HP: 42/46 MP: 6/12
  7120 | D:5      | Learned a level 5 spell: Fireball
  7162 | D:5      | Found a shadowy altar of Dithmenos.
  7164 | D:5      | Found a hazy altar of Hepliaklqana.
  8032 | D:6      | Found a staircase to the Ecumenical Temple.
  8045 | Temple   | Entered the Ecumenical Temple
  8153 | Temple   | Became a worshipper of Vehumet
  8243 | D:6      | Found Wyug's General Store.
  8280 | D:6      | HP: 16/46 [orc priest/divine providence (11)]
  8289 | D:6      | HP: 16/46 [orc/war axe (2)]
  8289 | D:6      | HP: 1/46 [orc priest/divine providence (15)]
  8463 | D:6      | Reached skill level 7 in Conjurations
  8463 | D:6      | Reached skill level 7 in Fire Magic
  8559 | D:6      | Noticed Daviar's ghost (novice TrMo)
  9503 | D:5      | Found a shadowy altar of Dithmenos.
  9505 | D:5      | Found a hazy altar of Hepliaklqana.
  9983 | D:5      | Killed Duvessa
 10142 | D:6      | Reached skill level 8 in Conjurations
 10142 | D:6      | Reached skill level 8 in Fire Magic
 10142 | D:6      | Reached XP level 9. HP: 43/51 MP: 1/13
 10146 | D:6      | HP: 14/51 [orc priest/divine providence (16)]
 10147 | D:6      | Killed from afar by an orc priest

Vanquished Creatures
  Duvessa (D:5)
  A porcupine (D:6)
  2 phantoms
  2 slaves (D:4)
  A centaur (D:5)
  2 bullfrogs (D:6)
  A scorpion (D:5)
  3 howler monkeys
  A bullfrog zombie (D:6)
  3 hounds
  2 jellies
  2 orc priests (D:6)
  2 centaur skeletons
  Natasha (thrice) (D:3)
  6 orc wizards
  Ijyb (D:4)
  4 worker ants
  13 adders
  A shadow imp (D:5)
  An ufetubus (D:5)
  An ooze (D:1)
  An adder zombie (D:5)
  An adder skeleton (D:5)
  3 worms
  A dart slug (D:2)
  2 leopard geckos
  20 orcs
  A ball python (D:2)
  6 giant cockroaches
  10 goblins
  17 hobgoblins
  5 jackals
  4 quokkas
  4 bats (D:2)
  6 frilled lizards
  9 kobolds
  A leopard gecko skeleton (D:5)
  2 rats
146 creatures vanquished.

Table legend:
 A = Turns spent in this place as a percentage of turns spent in the entire game.
 B = Non-inter-level travel turns spent in this place as a percentage of non-inter-level travel turns spent in the entire game.
 C = Inter-level travel turns spent in this place as a percentage of turns spent in this place.
 D = Turns resting spent in this place as a percentage of non-inter-level travel turns spent in this place.
 E = Turns spent auto-exploring this place as a percentage of non-inter-level travel turns spent in this place.
 F = Non-inter-level travel turns spent in this place divided by the number of levels of this place that you've seen.
                   A       B       C       D       E      F
               +-------+-------+-------+-------+-------+----------------------
         Total | 100.0 | 100.0 |   3.9 |  45.9 |  38.9 | 1393.6
       Dungeon |  98.2 |  98.9 |   3.2 |  46.4 |  38.3 | 1607.7
        Temple |   1.8 |   1.1 |  40.8 |   0.0 |  92.7 | 109.0
               +-------+-------+-------+-------+-------+----------------------
